 Dungeon Crawl Stone Soup version 0.21.1-1-g345015f (webtiles) character file.

283 Iko the Magician (level 6, 0/45 HPs)
             Began as a Draconian Wanderer on June 11, 2018.
             Was an Initiate of Hepliaklqana.
             Succumbed to an orc's poison
             ... on level 6 of the Dungeon.
             The game lasted 00:09:47 (544 turns).

Iko the Magician (Draconian Wanderer)                Turns: 544, Time: 00:09:47

Health: 0/45       AC:  7    Str: 14    XL:     6   Next: 7%
Magic:  12/12      EV: 12    Int: 13    God:    Hepliaklqana [......]
Gold:   40         SH:  0    Dex: 12    Spells: 13/14 levels left

rFire    . . .     SeeInvis .   i - +0 morningstar
rCold    + . .     Gourm    .   (no shield)
rNeg     . . .     Faith    .   (armour unavailable)
rPois    .         Spirit   .   (helmet restricted)
rElec    .         Reflect  .   (no cloak)
rCorr    .         Harm     .   g - +0 pair of gloves
MR       .....     Rnd*Tele +   (no boots)
Stlth    +++.......             (no amulet)
HPRegen  0.15/turn              k - ring of stealth
MPRegen  0.13/turn              h - ring of teleportation (curse)

@: lethally poisoned (0 -> -8), very slightly contaminated
A: unfitting armour, reduced essence, cold resistance 1, mutation resistance 1,
cold-blooded, AC +6
a: Recall Ancestor, Ancestor Identity, Renounce Religion


You were on level 6 of the Dungeon.
You worshipped Hepliaklqana.
Hepliaklqana was noncommittal.
You were not hungry.

You visited 1 branch of the dungeon, and saw 6 of its levels.

You collected 40 gold pieces.

Inventory:

Hand Weapons
 d - a +0 hand crossbow
 i - a +0 morningstar (weapon)
Missiles
 j - 13 bolts (quivered)
Armour
 g - a +0 pair of gloves (worn)
Jewellery
 e - an uncursed ring of resist corrosion
 h - a cursed ring of teleportation (right hand)
 k - a ring of stealth (left hand)
Wands
 a - a wand of flame (2)
Scrolls
 b - 2 scrolls of teleportation
Books
 c - the Incunabulum of Venom

   Spells                             Type                      Level
   a - Sting                          Conjuration/Poison           1
   b - Mephitic Cloud                 Conjuration/Poison/Air       3
Comestibles
 f - 4 rations


   Skills:
 + Level 3.1 Fighting
 + Level 2.2(2.3) Maces & Flails
   Level 1.0(1.7) Staves
 + Level 0.3 Crossbows
 + Level 1.4 Dodging
 + Level 1.2 Stealth
 + Level 4.5 Spellcasting
 + Level 1.2 Conjurations
 + Level 0.8 Poison Magic
 + Level 2.9 Evocations


You had 13 spell levels left.
You knew the following spells:

 Your Spells              Type           Power        Failure   Level  Hunger
a - Sting                 Conj/Pois      #...         13%         1    None


Dungeon Overview and Level Annotations

Branches:
Dungeon (6/15)
 Temple: D:4-7

Altars:
Hepliaklqana


Innate Abilities, Weirdness & Mutations

Your plain brown scales are hard. (AC +6)
You cannot fit into any form of body armour.
You are cold-blooded and may be slowed by cold attacks.
Your life essence is reduced to manifest your ancestor. (-10% HP)
Your flesh is cold resistant. (rC+)
You are somewhat resistant to further mutation.


Message History

Your resistance to elements expires.
You feel sick.
Milos closely misses the orc.
The orc hits you with a falchion of venom.
* * * LOW HITPOINT WARNING * * *
You closely miss the orc.
You feel sick.
Milos closely misses the orc.
The orc hits you with a falchion of venom.
* * * LOW HITPOINT WARNING * * *
You are more poisoned.
Milos hits the orc.
You strike the helpless orc from behind!
You hit the orc.
You kill the orc!
* * * LOW HITPOINT WARNING * * *
You feel sick.
You remove your ring of resist corrosion.
k - a ring of stealth (left hand)
* * * LOW HITPOINT WARNING * * *
You feel sick.
You swap places.
You die...

## ####.##### #
#........#...#
#...$@R.^....#
......)))..#...#
.........#.# #
....#...##.#
>.....$.. #
#.####### #


You could see the friendly Milos the ancestor.

Vanquished Creatures
  An orc wizard (D:5)
  2 orc priests
  An iguana (D:4)
  A shadow imp (D:6)
  A leopard gecko (D:3)
  9 orcs
  2 giant cockroaches
  2 hobgoblins
  A ball python (D:3)
  A bat (D:3)
  A frilled lizard (D:1)
  2 kobolds (D:3)
  A rat (D:1)
25 creatures vanquished.

Vanquished Creatures (collateral kills)
  The ghost of wilfster70 the Cutter, an amateur HaWr (D:4)
  An ooze (D:3)
  4 orcs
  A giant cockroach (D:5)
7 creatures vanquished.

Grand Total: 32 creatures vanquished

Notes
Turn   | Place    | Note
-------+----------+-------------------------------------------
     0 | D:1      | Iko the Draconian Wanderer began the quest for the Orb.
     0 | D:1      | Iko set off with: a wand of flame (15), a scroll of teleportation, the Incunabulum of Venom, a +0 club, a ration
     0 | D:1      | Reached XP level 1. HP: 17/17 MP: 4/4
     2 | D:1      | Learned a level 1 spell: Sting
   190 | D:3      | Found a hazy altar of Hepliaklqana.
   196 | D:3      | Reached XP level 2. HP: 25/25 MP: 6/6
   226 | D:3      | Became a worshipper of Hepliaklqana the Forgotten
   295 | D:3      | Reached XP level 3. HP: 15/27 MP: 5/8
   331 | D:3      | Gained mutation: Your flesh is cold resistant. (rC+) [potion of mutation]
   331 | D:3      | Gained mutation: You are somewhat resistant to further mutation. [potion of mutation]
   353 | D:4      | Noticed wilfster70's ghost (amateur HaWr)
   356 | D:4      | Reached skill level 4 in Spellcasting
   356 | D:4      | Reached XP level 4. HP: 10/33 MP: 8/10
   359 | D:4      | Killed wilfster70's ghost
   359 | D:4      | Reached skill level 1 in Maces & Flails
   359 | D:4      | Reached skill level 1 in Conjurations
   359 | D:4      | Reached XP level 5. HP: 13/40 MP: 9/11
   384 | D:5      | Entered Level 5 of the Dungeon
   461 | D:5      | Reached XP level 6. HP: 9/45 MP: 4/12
   540 | D:6      | HP: 2/45 [poisoned by an orc]
   544 | D:6      | Succumbed to an orc's poison

Skill      XL: |  1  2  3  4  5 |
---------------+----------------+-----
Spellcasting   | 4 |  4.5
Fighting       | 3 |  3.1
Maces & Flails | 1 2 |  2.2
Conjurations   | 1 |  1.2
Staves         | |  1.0
Crossbows      | |  0.3
Dodging        | |  1.4
Stealth        | |  1.2
Poison Magic   | |  0.8
Evocations     | |  2.9

Action                   |  1- 3 |  4- 6 || total
-------------------------+-------+-------++-------
Melee: Club              |     3 |       ||     3
       Mace              |    22 |       ||    22
       Tailslap          |     4 |       ||     4
       Morningstar       |     5 |     9 ||    14
 Fire: Hand crossbow     |       |     8 ||     8
 Cast: Sting             |    13 |     6 ||    19
Evoke: Wand              |     7 |     6 ||    13
  Use: Potion            |     2 |     2 ||     4
       Scroll            |     2 |       ||     2
 Stab: Distracted        |       |     1 ||     1
Armor: Skin              |    16 |     2 ||    18
Dodge: Dodged            |    25 |     6 ||    31
